 Dungeon Crawl Stone Soup version 0.29-a0-322-g68df515428 (webtiles) character file.

Game seed: 5068307924342192311

4 melchezedek the Grave Robber (level 1, -1/13 HPs)
             Began as a Human Necromancer on Apr 5, 2022.
             Slain by a quokka (3 damage)
             ... on level 1 of the Dungeon.
             The game lasted 00:00:55 (66 turns).

melchezedek the Grave Robber (Human Necromancer)      Turns: 66, Time: 00:00:56

Health: -1/13      AC:  3    Str:  8    XL:     1   Next: 66%
Magic:  3/3        EV: 11    Int: 15    God:
Gold:   0          SH:  0    Dex: 13    Spells: 3/4 levels left

rFire   . . .      SeeInvis .   e - staff of cold
rCold   + . .      Faith    .   (no shield)
rNeg    . . .      Spirit   .   c - +0 leather armour
rPois   .          Reflect  .   (no helmet)
rElec   .          Harm     .   (no cloak)
rCorr   .          Rampage  .   (no gloves)
Will    .....                   (no boots)
Stlth   ++........              (no amulet)
HPRegen 0.04/turn               (no ring)
MPRegen 0.08/turn               (no ring)

@: no status effects
A: no striking features
a: no special abilities


You were on level 1 of the Dungeon.
You visited 1 branch of the dungeon, and saw 1 of its levels.

Inventory:

Armour
 a - a +0 robe
 c - a +0 leather armour (worn)
Magical Staves
 e - a staff of cold (weapon)
Jewellery
 d - a +6 ring of strength
Potions
 b - a potion of magic


   Skills:
 + Level 2.1 Dodging
 + Level 2.1 Stealth
 + Level 2.0 Spellcasting
 + Level 4.0 Necromancy


You had 3 spell levels left.
You knew the following spells:

 Your Spells              Type           Power      Damage    Failure   Level
a - Pain                  Necr           52%        1d6       6%          1

Your spell library contained the following spells:

 Spells                   Type           Power      Damage    Failure   Level
 Animate Skeleton         Necr           26%        N/A       6%          1
 Vampiric Draining        Necr           13%        2d6       19%         3
 Animate Dead             Necr           6%         N/A       52%         4
 Agony                    Necr           13%        N/A       86%         5


Dungeon Overview and Level Annotations

Branches:
Dungeon (1/15)

Altars:


Message History

The slug dart hits you.
You hit the dart slug but do no damage.
The dart slug is heavily wounded.
The dart slug closely misses you.
You hit the dart slug.
The dart slug is almost dead.
The dart slug barely misses you.
You hit the dart slug.
You kill the dart slug!
A quokka comes into view.
Found a puce potion.
A giant cockroach comes into view.
Found a gold piece.
You hit the giant cockroach.
The giant cockroach is severely wounded.
The giant cockroach barely misses you.
You barely miss the giant cockroach.
The giant cockroach is severely wounded.
The giant cockroach barely misses you. The giant cockroach bites you.
You hit the giant cockroach.
You kill the giant cockroach!
You closely miss the quokka. The quokka completely misses you.
The quokka bites you.
You closely miss the quokka. The quokka barely misses you.
You barely miss the quokka.
The quokka bites you but does no damage. x2
You hit the quokka.
The quokka is heavily wounded.
The quokka bites you.
* * * LOW HITPOINT WARNING * * *
You barely miss the quokka.
The quokka is heavily wounded.
The quokka closely misses you. The quokka barely misses you.
You hit the quokka but do no damage.
The quokka is heavily wounded.
The quokka closely misses you.
You hit the quokka.
The quokka is severely wounded.
The quokka closely misses you. The quokka bites you.
You die...

### ##!## ##...##
#####..?..##
$..........#
#..r..# ##.@.##
##.## #.# #.# #.#
#.# #.# #
#.#######.##.
#####............


You could see a quokka.

Vanquished Creatures
  A dart slug (D:1)
  A giant cockroach (D:1)
2 creatures vanquished.

Notes
Turn   | Place    | Note
-------+----------+-------------------------------------------
     0 | D:1      | melchezedek the Human Necromancer began the quest for the
                  | Orb.
     0 | D:1      | Reached XP level 1. HP: 13/13 MP: 3/3
    66 | D:1      | Slain by a quokka

Illustrated notes

Levels and vault maps discovered:
D:1:      elethiomel_arrival_quiet, layout_loops_ring,
          ebering_ecumenical_altar_webs

Action                   || total
-------------------------++-------
Melee: Staff             ||    18
Armor: Leather armour    ||     3
Dodge: Dodged            ||    14

Table legend: (Time is in decaauts)
 A = Elapsed time spent in this place.
 B = Non-inter-level travel time spent in this place.
 C = Inter-level travel time spent in this place.
 D = Time resting spent in this place.
 E = Time spent auto-exploring this place.
 F = Levels seen in this place.
 G = Mean time per level.
                   A        B        C        D        E       F      G
               +--------+--------+--------+--------+--------+-----+--------+
         Total |     68 |     68 |      0 |      0 |      0 |   1 |   68.0 |
       Dungeon |     68 |     68 |      0 |      0 |      0 |   1 |   68.0 |
               +--------+--------+--------+--------+--------+-----+--------+

Top non-repeatable levels by time:
     D:1: 68 daAuts
